 Dungeon Crawl Stone Soup version 0.30.0-19-g36f170ea60 (webtiles) character file.

Game seed: 12226978347745416293

62 CaptainMV the Changer (level 3, 0/42 HPs)
             Began as a Draconian Wanderer on May 30, 2023.
             Slain by an orc
             ... wielding a +0 flail
              (6 damage)
             ... on level 3 of the Dungeon.
             The game lasted 00:09:38 (1252 turns).

CaptainMV the Changer (Draconian Wanderer)          Turns: 1252, Time: 00:09:39

Health: 0/42       AC: 21    Str: 16    XL:     3   Next: 85%
Magic:  3/4        EV:  2    Int: 17    God:
Gold:   73         SH:  0    Dex: 11    Spells: 2/4 levels left

rFire   . . .        a - +2 hand axe (flame)
rCold   . . .        (no shield)
rNeg    . . .        (body armour unavailable)
rPois   +            (helmet currently unavailable)
rElec   .            (cloak currently unavailable)
rCorr   .            (gloves currently unavailable)
SInv    .            (boots currently unavailable)
Will    .....        (no amulet)
Stlth   +            h - +5 ring of evasion
HPRegen 0.27/turn    g - +6 ring of intelligence
MPRegen 0.09/turn

%: no passive effects
@: tree-form
A: stationary, stasis, torment immunity, boosted hp, AC +5, unfitting armour,
(cold-blooded)
a: no special abilities


You were on level 3 of the Dungeon.
You were a tree.
You visited 1 branch of the dungeon, and saw 3 of its levels.

You collected 73 gold pieces.

Inventory:

Hand Weapons
 a - a +2 hand axe of flaming (weapon)
Missiles
 b - 19 poisoned darts (quivered)
Jewellery
 g - a +6 ring of intelligence (right branch)
 h - a +5 ring of evasion (left branch)
 k - a ring of willpower
Scrolls
 i - a scroll of amnesia
Potions
 c - a potion of cancellation {unknown}
 e - a potion of might {unknown}
 f - 3 potions of curing {unknown}
 j - 2 potions of ambrosia {unknown}


   Skills:
 + Level 1.2 Fighting
 + Level 0.7(1.6) Axes
 + Level 2.3(2.4) Polearms
 + Level 3.2 Throwing
 + Level 0.2 Dodging
 + Level 0.4 Stealth
 + Level 1.3 Spellcasting
 + Level 3.6 Transmutations
 + Level 0.2 Poison Magic


You had 2 spell levels left.
You knew the following spells:

 Your Spells              Type           Power      Damage    Failure   Level
a - Beastly Appendage     Tmut           26%        N/A       4%          1
b - Sting                 Tmut/Pois      28%        1d4       10%         1

Your spell library contained the following spells:

 Spells                   Type           Power      Damage    Failure   Level
 Petrify                  Tmut/Erth      7%         N/A       69%         4


Dungeon Overview and Level Annotations

Branches:
Dungeon (3/15)

Altars:
Uskayaw


Innate Abilities, Weirdness & Mutations

You are a tree.
Your roots penetrate the ground, keeping you stationary.
You cannot be teleported.
You are immune to unholy pain and torment.
Your maximum health is greatly increased.
Your equipment is partially melded.
((Your plain brown scales are hard. (AC +5)))
You cannot fit into any form of body armour.
((You are cold-blooded and may be slowed by cold attacks.))


Message History

The orc hits you with a +0 flail!
* * * LOW HITPOINT WARNING * * *
The scorpion closely misses you.
You slash the endoplasm! You burn the endoplasm.
You kill the endoplasm!
You barely miss the orc. You closely miss the scorpion. You miss the orc.
Your transformation is almost over.
The orc closely misses you. The orc barely misses you. The scorpion stings you.
* * * LOW HITPOINT WARNING * * *
The orc barely misses you. Something hits you.
* * * LOW HITPOINT WARNING * * *
Really quaff the potion of lignification?
Your horns disappear.
Your talons disappear.
You turn into a tree.
Your roots penetrate the ground.
The scorpion stings you but does no damage.
Something hits you but does no damage. The orc hits you but does no damage.
You hear some strange, mumbled words.
Something tries to affect you, but you resist.
You cannot move. (Use ctrl+direction or * direction to attack while stationary and confused.) Unknown command.
You cannot move. (Use ctrl+direction or * direction to attack while stationary and confused.) Unknown command.
You cannot move. (Use ctrl+direction or * direction to attack while stationary and confused.)
You miss something. You completely miss something.
You barely miss the scorpion. You barely miss the orc.
The scorpion stings you but does no damage. x2
Something hits you but does no damage. The orc hits you but does no damage.
Something hits you but does no damage.
You miss the scorpion.
The scorpion is moderately wounded.
You completely miss something. You hit the orc but do no damage.
You completely miss something.
The scorpion stings you but does no damage.
Something hits you but does no damage. The orc hits you but does no damage.
Something hits you but does no damage.
You attack the rock wall.
You feel less confused.
The scorpion stings you but does no damage.
The orc hits you with a +0 flail.
You die...

#. #....#... ..
#....#...
.###.........
...........##
............ .
........... ..
#{o........
..#.###♣#...s....
.....o{s#........
.........<)o.....
#.#.#####......[$
# ....#.##.
####.# # ... .#..
..#.


You could see a scorpion and 2 orcs.

Vanquished Creatures
  2 adders (D:2)
  A worm (D:2)
  An orc (D:3)
  5 ball pythons
  4 endoplasms
  3 goblins
  3 hobgoblins
  3 jackals (D:2)
  2 kobolds
  A quokka (D:2)
  6 bats
  5 frilled lizards (D:1)
  4 rats
40 creatures vanquished.

Notes
Turn   | Place    | Note
-------+----------+-------------------------------------------
     0 | D:1      | CaptainMV the Draconian Wanderer began the quest for the
                  | Orb.
     0 | D:1      | CaptainMV set off with the following items: a +0 spear, 15
                  | poisoned darts, a +0 dagger, a potion of lignification; and
                  | the following spells available to memorise: Beastly
                  | Appendage, Sting, Petrify.
     0 | D:1      | Reached XP level 1. HP: 16/16 MP: 2/2
    59 | D:1      | Learned a level 1 spell: Beastly Appendage
    89 | D:1      | Learned a level 1 spell: Sting
   195 | D:1      | Reached XP level 2. HP: 23/23 MP: 1/3
   493 | D:2      | Found a hide-covered altar of Uskayaw.
   657 | D:2      | Reached XP level 3. HP: 26/28 MP: 2/4
  1236 | D:3      | Noticed a scorpion
  1252 | D:3      | Slain by an orc

Illustrated notes

Levels and vault maps discovered:
D:1:      lightli_arrival_noodles, layout_rooms, columned_hall_lemuel
D:2:      layout_basic, hellmonk_ecumenical_altar_leap_of_faith, basic_altar,
          chequers_serial_rivers_micro_a, nicolae_underground_beach
D:3:      layout_basic, grunt_temple_overflow_order_and_chaos_1,
          nicolae_dithmenos_through_a_glass_darkly, uniq_ijyb, uniq_jessica,
          uniq_terence

Skill      XL: |  1  2 |
---------------+-------+-----
Throwing       | 3 |  3.2
Fighting       | |  1.2
Axes           | |  0.7
Polearms       | |  2.3
Dodging        | |  0.2
Stealth        | |  0.4
Spellcasting   | |  1.3
Transmutations | |  3.6
Poison Magic   | |  0.2

Action                     || total
---------------------------++-------
  Melee: Spear             ||    11
         Hand axe          ||    60
         Tailslap          ||     4
         Kick              ||     6
         Headbutt          ||     2
         Punch             ||     1
   Cast: Beastly Appendage ||    15
         Sting             ||     6
    Use: Scroll            ||     1
         Potion            ||     1
 Armour: Skin              ||    39
  Dodge: Dodged            ||    59
